 Dungeon Crawl Stone Soup version 0.27-a0-1290-g15d3ce7508 (webtiles) character file.

Game seed: 11076192904018566374

86 Brecoman the Insei (level 4, 0/34 HPs)
             Began as a Djinni Transmuter on June 15, 2021.
             Slain by an orc (2 damage)
             ... on level 3 of the Dungeon.
             The game lasted 00:12:38 (3451 turns).

Brecoman the Insei (Djinni Transmuter)              Turns: 3451, Time: 00:12:38

Health: 0/34       AC:  3    Str:  9    XL:     4   Next: 77%
Gold:   89         EV: 13    Int: 16    God:
                   SH:  0    Dex: 13

rFire    + + .     SeeInvis .     - Unarmed
rCold    x . .     Faith    .   (no shield)
rNeg     . . .     Spirit   .   a - +0 robe
rPois    ∞         Reflect  .   (no helmet)
rElec    .         Harm     .   (no cloak)
rCorr    .         Rampage  .   f - +0 pair of gloves
Will     .....                  (boots unavailable)
Stlth    +.........             (no amulet)
HPRegen  0.11/turn              (no ring)
MPRegen  0.00/turn              (no ring)

@: wereblooded (expiring), flying
A: sickness immunity, fire resistance 2, cold vulnerability 1, float, innate
caster, hp casting, extra vitality 1
a: no special abilities


You were on level 3 of the Dungeon.
You visited 1 branch of the dungeon, and saw 3 of its levels.

You collected 89 gold pieces.

Inventory:

Armour
 a - a +0 robe (worn)
 f - a +0 pair of gloves (worn)
Jewellery
 c - a ring of magical power
 l - a ring of fire
Scrolls
 b - a scroll of torment {unknown}
 d - a scroll of identify {unknown}
 e - 2 scrolls of noise {unknown}
 j - a scroll of teleportation {unknown}
 k - a scroll of summoning {unknown}
Potions
 g - a potion of brilliance {unknown}
 h - 2 potions of flight {unknown}
 i - a potion of degeneration {unknown}


   Skills:
 * Level 2.5 Fighting
 + Level 3.3 Dodging
 - Level 0.1 Stealth
 + Level 3.8 Unarmed Combat
 - Level 1.5 Spellcasting


You couldn't memorise any spells.
You knew the following spells:

 Your Spells              Type           Power      Damage    Failure   Level
a - Beastly Appendage     Tmut           12%        N/A       12%         1
b - Wereblood             Tmut           6%         N/A       17%         2
c - Spider Form           Tmut/Pois      3%         N/A       34%         3
d - Ice Form              Ice/Tmut       6%         N/A       75%         4
e - Summon Small Mammal   Summ           24%        N/A       12%         1
Your spell library was empty.

Dungeon Overview and Level Annotations

Branches:
Dungeon (3/15)

Altars:

Shops:
D:2 *(


Innate Abilities, Weirdness & Mutations

You are immune to sickness and miasma.
You are immune to poison.
Your flesh is very heat resistant. (rF++)
You are vulnerable to cold. (rC-)
You float through the air rather than walking.
You learn spells naturally, not from books.
Your magical power is your life essence.
You have superior vitality. (+4 HP)


Message History

You hit the orc.
You feel a bit better.
You kill the orc!
You hit the rat.
The rat is heavily wounded.
The rat bites you but does no damage.
You closely miss the rat.
You howl as the wereblood boils in your veins!
Your horns disappear.
The rat twitches its whiskers.
The rat barely misses you.
You punch the rat!
You feel a bit better.
You kill the rat!
You closely miss the orc.
The orc is severely wounded.
The orc hits you with a +0 whip.
* * * LOW HITPOINT WARNING * * *
You hit the orc.
You feel a bit better.
You kill the orc!
You hit the orc.
The orc is moderately wounded.
The orc misses you.
You barely miss the orc.
The orc is moderately wounded.
The orc barely misses you.
You hit the orc.
The orc is heavily wounded.
Your primal bloodlust is almost over.
The orc hits you with a +0 dagger.
* * * LOW HITPOINT WARNING * * *
You closely miss the orc.
The orc is heavily wounded.
The orc hits you with a +0 dagger.
* * * LOW HITPOINT WARNING * * *
You completely miss the orc.
The orc is heavily wounded.
The orc misses you.
You hit the orc.
The orc is almost dead.
The orc hits you with a +0 dagger.
You die... ## . .# ## # ### . ..# #### ... #...#.. ..## ## ....###.#.. #... .. .......o.# ## #..# #. .......o## ##.# #..# #. 8....###@###.#####..####. .oo

##.#...........##.
⌠
##.#.#####..#....
###.### #..#....
#.....# #..#.##.
#.††††###..#.##.
#..†.........##.
#.....###.......
#.....# #....###


You could see 2 orcs.

Vanquished Creatures
  An adder (D:3)
  2 dart slugs
  5 orcs (D:3)
  4 bats
  4 endoplasms
  A giant cockroach (D:2)
  5 goblins
  4 hobgoblins
  7 jackals
  6 quokkas
  3 ball pythons (D:1)
  6 frilled lizards
  7 kobolds
  7 rats
62 creatures vanquished.

Vanquished Creatures (collateral kills)
  A frilled lizard (D:3)
1 creature vanquished.

Grand Total: 63 creatures vanquished

Notes
Turn   | Place    | Note
-------+----------+-------------------------------------------
     0 | D:1      | Brecoman the Djinni Transmuter began the quest for the Orb.
     0 | D:1      | Reached XP level 1. HP: 17/17 MP: 0/0
    80 | D:1      | Reached XP level 2. HP: 18/22 MP: 0/0
   735 | D:1      | Reached XP level 3. HP: 4/27 MP: 0/0
   735 | D:1      | Learned a level 1 spell: Summon Small Mammal
  2090 | D:2      | Found Onouw's Assorted Antiques.
  2562 | D:2      | Reached XP level 4. HP: 31/33 MP: 0/0
  2672 | D:2      | Found Cyzirul's Weapon Boutique.
  3451 | D:3      | Slain by an orc

Illustrated notes

Levels and vault maps discovered:
D:1:      onia_arrival_pyramid, layout_loops_corners, st_stairs_10
D:2:      layout_rooms, serial_shops, shop, shop, minmay_unequal
D:3:      layout_loops_ring, hellmonk_ecumenical_altar_dog_temple

Skill      XL: |  1  2  3 |
---------------+----------+-----
Fighting       | 2 |  2.5
Dodging        | 3 |  3.3
Stealth        | |  0.1
Unarmed Combat | |  3.8
Spellcasting   | |  1.5

Action                   |  1- 3 |  4- 6 || total
-------------------------+-------+-------++-------
Melee: Unarmed           |   126 |   109 ||   235
       Headbutt          |    14 |    10 ||    24
 Cast: Beastly Appendage |    33 |     9 ||    42
       Wereblood         |     4 |     2 ||     6
       Summon Small Mamm |       |     2 ||     2
  Use: Potion            |     1 |       ||     1
 Stab: Sleeping          |     3 |     1 ||     4
Armor: Robe              |    28 |    20 ||    48
Dodge: Dodged            |    85 |    80 ||   165

Table legend: (Time is in decaauts)
 A = Elapsed time spent in this place.
 B = Non-inter-level travel time spent in this place.
 C = Inter-level travel time spent in this place.
 D = Time resting spent in this place.
 E = Time spent auto-exploring this place.
 F = Levels seen in this place.
 G = Mean time per level.
                   A        B        C        D        E       F      G
               +--------+--------+--------+--------+--------+-----+--------+
         Total |   3435 |   3393 |     42 |   1217 |   1244 |   3 | 1145.0 |
       Dungeon |   3435 |   3393 |     42 |   1217 |   1244 |   3 | 1145.0 |
               +--------+--------+--------+--------+--------+-----+--------+

Top non-repeatable levels by time:
     D:1: 1948 daAuts
     D:2: 920 daAuts
     D:3: 565 daAuts
